 Dungeon Crawl Stone Soup version 0.19-a0-1903-gead39cf (webtiles) character file.

80 Kingduke777 the Chiller (level 4, -5/28 HPs)
             Began as a High Elf Ice Elementalist on Oct 21, 2016.
             Killed from afar by Roarke's ghost (8 damage)
             ... with a magic dart
             ... on level 3 of the Dungeon.
             The game lasted 00:07:28 (2041 turns).

Kingduke777 the Chiller (High Elf Ice Elementalist) Turns: 2041, Time: 00:07:30

Health: -5/28      AC:  2    Str:  7    XL:     4   Next: 18%
Magic:  5/9        EV: 13    Int: 20    God:
Gold:   96         SH:  0    Dex: 15    Spells: 3 memorised, 1 level left

rFire  . . .     SeeInvis .     e - +0 dagger
rCold  . . .     Gourm    .     a - +0 robe
rNeg   . . .     Faith    .     (no shield)
rPois  .         Spirit   .     d - +0 hat
rElec  .         Reflect  .     (no cloak)
rCorr  .         Harm     .     (no gloves)
MR     .....                    (no boots)
Stlth  ++........               (no amulet)
                                (no ring)
                                (no ring)

@: no status effects
A: no striking features
a: no special abilities


You were on level 3 of the Dungeon.
You were hungry.

You visited 1 branch of the dungeon, and saw 3 of its levels.

You collected 96 gold pieces.

Inventory:

Hand Weapons
 e - a +0 dagger (weapon)
Missiles
 j - 54 stones (quivered)
Armour
 a - a +0 robe (worn)
 d - a +0 hat (worn)
Scrolls
 i - a scroll of enchant weapon {unknown}
 k - a scroll of amnesia {unknown}
 l - a scroll of identify {unknown}
 m - a scroll of remove curse {unknown}
Potions
 g - a potion of degeneration {unknown}
Books
 b - a book of Frost

   Spells                             Type                      Level
   a - Freeze                         Ice                          1
   b - Throw Frost                    Conjuration/Ice              2
   c - Ozocubu's Armour               Charms/Ice                   3
   d - Throw Icicle                   Conjuration/Ice              4
   e - Summon Ice Beast               Ice/Summoning                4
Comestibles
 c - 3 bread rations
 h - 2 fruits
 o - a meat ration


   Skills:
 - Level 1.1 Fighting
 - Level 2.1 Dodging
 - Level 2.1 Stealth
 - Level 3.2 Spellcasting
   Level 1.1 Conjurations
 + Level 1.3 Charms
 + Level 0.0 Summonings
 + Level 4.1 Ice Magic


You had one spell level left.
You knew the following spells:

 Your Spells              Type           Power        Failure   Level  Hunger
a - Freeze                Ice            ###.         2%          1    None
b - Ozocubu's Armour      Chrm/Ice       ##......     14%         3    ###....
c - Summon Ice Beast      Ice/Summ       ##......     71%         4    ####...


Dungeon Overview and Level Annotations

Branches:
Dungeon (2/15)

Altars:

Annotations:
D:3 Roarke's ghost, amateur HuWz


Message History

The puff of flame hits you!
You are feeling hungry.
All of the chunks of flesh in your inventory have rotted away.
A magic dart appears from out of thin air!
The magic dart hits you!
* * * LOW HITPOINT WARNING * * *
Found a short sword.
Roarke's ghost (amateur Human Wizard) comes into view.
Roarke's ghost turns its malevolent gaze towards you.
You hit Roarke's ghost.
Roarke's ghost is lightly damaged.
Roarke's ghost hits you.
* * * LOW HITPOINT WARNING * * *
As you read the scroll labeled DABREN JUECO, it crumbles to dust.
You hear a loud clanging noise!
It was a scroll of noise.
You hear an angry hiss. x2; You hear a shout!
Roarke's ghost gestures at you while chanting.
The magic dart hits you!
You die...

.####
...#
.).#
...
..#
#.#
#W#
#@#
#.#
#{#
#.#
#o#
#o#
#.#
..#
.###


You could see an orc priest, Roarke's ghost and an orc.

Vanquished Creatures
  An adder (D:2)
  An ooze (D:2)
  A dart slug (D:2)
  3 leopard geckos
  2 orcs (D:3)
  11 bats
  3 giant cockroaches
  5 goblins
  7 hobgoblins
  7 jackals
  A ball python (D:1)
  2 frilled lizards (D:2)
  8 kobolds
  3 rats
55 creatures vanquished.

Notes
Turn   | Place    | Note
-------+----------+-------------------------------------------
     0 | D:1      | Kingduke777 the High Elf Ice Elementalist began the quest for the Orb.
     0 | D:1      | Reached XP level 1. HP: 11/11 MP: 4/4
   311 | D:1      | Reached XP level 2. HP: 17/17 MP: 4/6
   565 | D:1      | Reached skill level 4 in Ice Magic
  1093 | D:2      | Reached XP level 3. HP: 21/21 MP: 4/7
  1101 | D:2      | Learned a level 3 spell: Ozocubu's Armour
  1806 | D:2      | Reached skill level 1 in Charms
  1816 | D:2      | Reached skill level 1 in Fighting
  1816 | D:2      | Reached XP level 4. HP: 25/28 MP: 0/9
  2014 | D:2      | Learned a level 4 spell: Summon Ice Beast
  2021 | D:2      | You fall through a shaft!
  2038 | D:3      | Noticed Roarke's ghost (amateur HuWz)
  2041 | D:3      | Killed from afar by Roarke's ghost

Vault maps used:
D:1:      evilmike_arrival_come_back
D:2:      first_bread

Skill      XL: |  1  2  3 |
---------------+----------+-----
Ice Magic      | 4 |  4.1
Spellcasting   | 3 |  3.2
Charms         | 1 |  1.3
Fighting       | 1 |  1.1
Dodging        | |  2.1
Stealth        | |  2.1
Conjurations   | |  1.1

Action                   |  1- 3 |  4- 6 || total
-------------------------+-------+-------++-------
Melee: Dagger            |     8 |     4 ||    12
Throw: Stone             |     9 |       ||     9
 Cast: Freeze            |    75 |    11 ||    86
  Use: Scroll            |       |     1 ||     1
 Stab: Sleeping          |     1 |       ||     1
  Eat: Chunk             |     3 |       ||     3
Armor: Robe              |    18 |       ||    18
Dodge: Dodged            |    37 |     8 ||    45
